 Dungeon Crawl Stone Soup version 0.26-a0-812-g31a745ddcd (webtiles) character file.

Game seed: 13036689543293674164

434 vishdafish the Skirmisher (level 6, -5/73 HPs)
             Began as a Demonspawn Berserker on Nov 30, 2020.
             Was a Priest of Trog.
             Slain by an orc warrior
             ... wielding a +0 long sword
              (10 damage)
             ... on level 4 of the Dungeon.
             The game lasted 00:03:48 (3118 turns).

vishdafish the Skirmisher (Demonspawn Berserker)    Turns: 3118, Time: 00:03:49

Health: -5/73      AC: 14    Str: 19    XL:     6   Next: 67%
Magic:  6/6        EV:  9    Int: 15    God:    Trog [***...]
Gold:   212        SH:  0    Dex: 12    Spells: 5/5 levels left

rFire    . . .     SeeInvis .   a - +0 falchion
rCold    . . .     Faith    +   (no shield)
rNeg     . . .     Spirit   .   j - +0 chain mail
rPois    .         Reflect  .   (no helmet)
rElec    .         Harm     .   v - +1 cloak
rCorr    .         Rampage  .   s - +0 pair of gloves
MR       .....                  (no boots)
Stlth    ..........             y - amulet of faith
HPRegen  0.22/turn              (no ring)
MPRegen  0.10/turn              q - +6 ring of intelligence

@: berserking (expiring), lethally poisoned (-5 -> -7), very quick
A: thin metallic scales 1, spiny 1
a: Berserk, Trog's Hand, Renounce Religion


You were on level 4 of the Dungeon.
You worshipped Trog.
Trog was most pleased with you.
You visited 1 branch of the dungeon, and saw 4 of its levels.

You collected 212 gold pieces.

Inventory:

Hand Weapons
 a - a +0 falchion (weapon)
Missiles
 f - 2 atropa-tipped darts (quivered)
Armour
 b - a +0 animal skin
 j - a +0 chain mail (worn)
 s - a +0 pair of gloves (worn)
 v - a +1 cloak (worn)
Jewellery
 d - an uncursed ring of ice
 q - a +6 ring of intelligence (right hand)
 y - an amulet of faith (around neck)
Wands
 c - a wand of random effects (22)
 w - a wand of acid (1)
 x - a wand of disintegration (22)
Scrolls
 g - a scroll of enchant armour {unknown}
 i - 3 scrolls of remove curse
 k - 2 scrolls of immolation
 l - a scroll of random uselessness {unknown}
 n - 3 scrolls of amnesia {unknown}
 o - a scroll of fear {unknown}
 r - 2 scrolls of teleportation {unknown}
 u - 2 scrolls of magic mapping {unknown}
Potions
 e - 4 potions of curing
 h - a potion of lignification {unknown}
 m - 3 potions of heal wounds
 p - a potion of degeneration
 t - a potion of berserk rage {unknown}


   Skills:
 + Level 4.6 Fighting
 + Level 4.2 Long Blades
 + Level 3.4 Armour
 + Level 3.5 Dodging


You had 5 spell levels left.
You didn't know any spells.
Your spell library was empty.

Dungeon Overview and Level Annotations

Branches:
Dungeon (4/15)             Temple (0/1) D:4

Altars:
Dithmenos


Innate Abilities, Weirdness & Mutations

You are partially covered in thin metallic scales. (AC +2)
You are partially covered in sharp spines.


Message History

The sky beast is struck by your spines.
The sky beast hits you but does no damage.
You slash the sky beast!
You kill the sky beast!
Trog accepts your kill.
You feel sick.
The orc warrior is struck by your spines.
The orc warrior hits you but does no damage.
You slash the orc warrior!
The orc warrior is severely wounded.
The orc warrior hits you with a +0 long sword.
* * * LOW HITPOINT WARNING * * *
You closely miss the orc warrior.
The orc warrior is severely wounded.
You are too berserk!
You hit the orc warrior but do no damage.
The orc warrior is severely wounded.
You feel sick.
The orc warrior hits you with a +0 long sword!
You die...

##...## #.# ##.## #.#
:..$.. #.# #.# .......
#.# #.## ....... #.#
#..# ......# #.#
#..##.....# #.# #####
#...#....#
#.###...###.#.o#..# ##
#...).......##@†.# .
###........#####.# .#..
#..#####.#####.#####...#
#..# #.#..............
#..# #.......#.#.####
#####..# #.#.##....#.#
.......#####.#.##......#
#.####
######.......#.#######>#
#..... .........>####.#
#.#####.####


You could see an orc warrior.

Vanquished Creatures
  A sky beast (D:4)
  An ogre (D:4)
  A scorpion (D:4)
  A hound (D:4)
  9 adders
  A shadow imp (D:4)
  3 adder skeletons
  2 dart slugs
  A ball python (D:2)
  12 bats
  A giant cockroach (D:1)
  3 goblins
  10 hobgoblins
  18 jackals
  5 kobolds
  2 quokkas
  5 frilled lizards
  9 rats
85 creatures vanquished.

Vanquished Creatures (others)
  5 plants (D:4)
5 creatures vanquished.

Grand Total: 90 creatures vanquished

Notes
Turn   | Place    | Note
-------+----------+-------------------------------------------
     0 | D:1      | vishdafish the Demonspawn Berserker began the quest for the
                  | Orb.
     0 | D:1      | Reached XP level 1. HP: 18/18 MP: 1/1
   418 | D:1      | Gained mutation: You are partially covered in sharp spines.
                  | [demonic ancestry]
   418 | D:1      | Reached XP level 2. HP: 21/24 MP: 2/2
   909 | D:2      | Reached XP level 3. HP: 25/29 MP: 3/3
  1199 | D:2      | Reached ** piety under Trog
  1205 | D:2      | Gained mutation: You are partially covered in thin metallic
                  | scales. (AC +2) [demonic ancestry]
  1205 | D:2      | Reached XP level 4. HP: 33/36 MP: 4/4
  2084 | D:3      | Found a shadowy altar of Dithmenos.
  2342 | D:3      | Reached *** piety under Trog
  2449 | D:3      | Reached XP level 5. HP: 42/42 MP: 5/5
  2587 | D:4      | Found a staircase to the Ecumenical Temple.
  3028 | D:4      | Noticed an ogre
  3036 | D:4      | Killed an ogre
  3036 | D:4      | Reached XP level 6. HP: 49/49 MP: 6/6
  3094 | D:4      | Noticed an orc warrior
  3100 | D:4      | Noticed a sky beast
  3115 | D:4      | Killed a sky beast
  3118 | D:4      | Slain by an orc warrior

Illustrated notes

Levels and vault maps discovered:
D:1:      minmay_arrival_diagonal_passages, layout_rooms, minmay_circled_x
D:2:      layout_loops_ring
D:3:      layout_basic, nicolae_dithmenos_shadow_blocks
D:4:      layout_loops_ring, minmay_temple_entry_overgrown, minmay_manual_moon

Skill      XL: |  1  2  3  4  5 |
---------------+----------------+-----
Long Blades    | 3 4 |  4.2
Dodging        | 2 3 |  3.5
Armour         | 2 3 |  3.4
Fighting       | 4 |  4.6

Action                   |  1- 3 |  4- 6 || total
-------------------------+-------+-------++-------
Melee: Falchion          |    93 |   117 ||   210
Invok: Berserk           |       |     2 ||     2
  Use: Scroll            |       |     6 ||     6
Armor: Animal skin       |     8 |       ||     8
       Chain mail        |    33 |    69 ||   102
Dodge: Dodged            |    57 |    47 ||   104
       Rpst.: Falchion   |    16 |    20 ||    36

Table legend: (Time is in decaauts)
 A = Elapsed time spent in this place.
 B = Non-inter-level travel time spent in this place.
 C = Inter-level travel time spent in this place.
 D = Time resting spent in this place.
 E = Time spent auto-exploring this place.
 F = Levels seen in this place.
 G = Mean time per level.
                   A        B        C        D        E       F      G
               +--------+--------+--------+--------+--------+-----+--------+
         Total |   3150 |   3096 |     54 |    505 |   2068 |   4 |  787.5 |
       Dungeon |   3150 |   3096 |     54 |    505 |   2068 |   4 |  787.5 |
               +--------+--------+--------+--------+--------+-----+--------+

Top non-repeatable levels by time:
     D:2: 957 daAuts
     D:1: 874 daAuts
     D:3: 681 daAuts
     D:4: 636 daAuts
